 Dungeon Crawl Stone Soup version 0.26-a0-651-gb41185065b (webtiles) character file.

Game seed: 13728768303757610799

27 kae the Ruffian (level 3, 0/31 HPs)
             Began as a Naga Transmuter on Oct 29, 2020.
             Slain by an orc (1 damage)
             ... on level 3 of the Dungeon.
             The game lasted 00:01:05 (2233 turns).

kae the Ruffian (Naga Transmuter)                   Turns: 2233, Time: 00:01:06

Health: 0/31       AC:  2    Str: 13    XL:     3   Next: 10%
Magic:  5/6        EV: 10    Int: 13    God:
Gold:   104        SH:  0    Dex: 11    Spells: 5/6 levels left

rFire    . . .     SeeInvis +     - Unarmed
rCold    . . .     Faith    .   (no shield)
rNeg     . . .     Spirit   .   a - +0 robe
rPois    +         Reflect  .   (helmet currently unavailable)
rElec    .         Harm     .   (no cloak)
rCorr    .         Rampage  .   (no gloves)
MR       .....                  (no barding)
Stlth    +.........             (no amulet)
HPRegen  0.10/turn              (no ring)
MPRegen  0.10/turn              (no ring)

@: appendages, stab, very slow
A: large, horns 2, see invisible, deformed body, poison resistance, slowness 2,
spit poison 1, AC +1
a: Spit Poison, End Transformation


You were on level 3 of the Dungeon.
You had grown temporary horns.
You visited 1 branch of the dungeon, and saw 3 of its levels.

You collected 104 gold pieces.

Inventory:

Armour
 a - a +0 robe (worn)
Jewellery
 e - a cursed -4 ring of dexterity {unknown}
Scrolls
 c - 2 scrolls of identify
Potions
 b - a potion of brilliance
 h - a potion of resistance
 i - 2 potions of curing
 j - a potion of ambrosia


   Skills:
 - Level 1.0 Fighting
 - Level 1.5 Dodging
 + Level 3.6 Unarmed Combat
 - Level 2.0 Spellcasting
 + Level 2.8 Transmutations


You had 5 spell levels left.
You knew the following spells:

 Your Spells              Type           Power        Failure   Level
a - Beastly Appendage     Tmut           #.....       8%          1

Your spell library contained the following spells:

 Spells                   Type           Power        Failure   Level
 Wereblood                Tmut           #.......     12%         2
 Spider Form              Tmut/Pois      #.........   38%         3
 Ice Form                 Ice/Tmut       #.......     80%         4
 Blade Hands              Tmut           #.........   91%         5


Dungeon Overview and Level Annotations

Branches:
Dungeon (2/15)

Altars:
Okawaru
The Shining One


Innate Abilities, Weirdness & Mutations

You cannot wear boots.
Your serpentine skin is tough. (AC +1)
You have supernaturally acute eyesight. (SInv)
Armour fits poorly on your strangely shaped body.
Your system is resistant to poisons. (rPois)
You cover ground very slowly.
You can spit poison.
You have a pair of horns on your head.


Message History

Confirm with . or Enter, or press ? or * to list all spells.
You grow a pair of large bovine horns.
The orc barely misses you. The orc closely misses you.
The leopard gecko barely misses you. The orc hits you with a +0 hand axe.
The adder closely misses you. The orc barely misses you.
The leopard gecko closely misses you. The orc hits you.
The orc hits you but does no damage. The orc hits you with a +0 hand axe.
The adder bites you. The orc barely misses you. The leopard gecko bites you.
* * * LOW HITPOINT WARNING * * *
You barely miss the orc. The orc hits you.
* * * LOW HITPOINT WARNING * * *
The adder closely misses you. The orc barely misses you. x2
The leopard gecko closely misses you. The orc hits you.
* * * LOW HITPOINT WARNING * * *
You barely miss the orc. The adder bites you but does no damage.
The orc barely misses you. The orc closely misses you. x2
The leopard gecko bites you.
* * * LOW HITPOINT WARNING * * *
The orc hits you.
You die...

#.... .... ##
.... #.. ..#
..#..### ###
# #§#§§§#...#
#..#Soo§.....
#..§§@lr.o...
###§ooo§..r..
#§§§§§.....
##.........
##...#...#
####.....
.##.. .# ..


You could see an orc priest, an adder, 4 orcs, a leopard gecko and a rat.

Vanquished Creatures
  A dart slug (D:2)
  A leopard gecko (D:2)
  2 bats (D:2)
  3 giant cockroaches
  2 goblins
  3 hobgoblins (D:1)
  A kobold (D:1)
  A quokka (D:2)
  5 frilled lizards
  3 rats (D:1)
22 creatures vanquished.

Notes
Turn   | Place    | Note
-------+----------+-------------------------------------------
     0 | D:1      | kae the Naga Transmuter began the quest for the Orb.
     0 | D:1      | Reached XP level 1. HP: 18/18 MP: 3/3
   478 | D:1      | Reached XP level 2. HP: 16/25 MP: 3/5
  2011 | D:2      | Reached XP level 3. HP: 23/31 MP: 4/6
  2184 | D:2      | Found a glowing golden altar of the Shining One.
  2225 | D:2      | You fall into a shaft and drop 1 floor!
  2225 | D:3      | Found an iron altar of Okawaru.
  2233 | D:3      | HP: 1/31 [leopard gecko (1)]
  2233 | D:3      | Slain by an orc

Illustrated notes

Levels and vault maps discovered:
D:1:      dpeg_arrival_tiny_a, layout_rooms, kennysheep_another_room
D:2:      layout_basic, nicolae_tso_carved_into_rock
D:3:      layout_rooms, kennysheep_minor_cross, okawaru_metal_pillars_1_2,
          uniq_sigmund

Action                   || total
-------------------------++-------
Melee: Unarmed           ||    86
       Headbutt          ||     8
       Punch             ||     5
 Cast: Beastly Appendage ||    20
 Abil: Spit Poison       ||     3
  Use: Scroll            ||     9
       Potion            ||     2
Armor: Robe              ||    26
Dodge: Dodged            ||    70

Table legend: (Time is in decaauts)
 A = Elapsed time spent in this place.
 B = Non-inter-level travel time spent in this place.
 C = Inter-level travel time spent in this place.
 D = Time resting spent in this place.
 E = Time spent auto-exploring this place.
 F = Levels seen in this place.
 G = Mean time per level.
                   A        B        C        D        E       F      G
               +--------+--------+--------+--------+--------+-----+--------+
         Total |   2529 |   2512 |     17 |      0 |   2264 |   3 |  843.0 |
       Dungeon |   2529 |   2512 |     17 |      0 |   2264 |   3 |  843.0 |
               +--------+--------+--------+--------+--------+-----+--------+

Top non-repeatable levels by time:
     D:1: 1431 daAuts
     D:2: 1089 daAuts
     D:3: 8 daAuts
